 Dungeon Crawl Stone Soup version 0.31.0-11-ge490571c62 (webtiles) character file.

Game seed: 16970252083418329065

522 qw the Ducker (level 7, -18/35 HPs)
             Began as a Spriggan Hunter on Feb 4, 2024.
             Demolished by an ogre
             ... wielding a +0 giant club
              (21 damage)
             ... on level 4 of the Dungeon.
             The game lasted 00:00:09 (2352 turns).

qw the Ducker (Spriggan Hunter)                     Turns: 2352, Time: 00:00:10

Health: -18/35     AC:  2    Str:  7    XL:     7   Next: 1%
Magic:  8/8        EV: 22    Int: 11    God:
Gold:   244        SH:  0    Dex: 20    Spells: 6/6 levels left

rFire   . . .        b - +0 orcbow
rCold   . . .        (shield currently unavailable)
rNeg    . . .        c - +0 robe
rPois   .            (helmet restricted)
rElec   .            (no cloak)
rCorr   .            (gloves unavailable)
SInv    +            (boots unavailable)
Will    +....        (no amulet)
Stlth   ++           (no ring)
HPRegen 0.25/turn    (no ring)
MPRegen 0.11/turn

%: no passive effects
@: very quick
A: very small, no large weapons, unfitting armour, see invisible, speed 3
a: no special abilities


You were on level 4 of the Dungeon.
You visited 1 branch of the dungeon, and saw 4 of its levels.

You collected 244 gold pieces.


Innate Abilities, Weirdness & Mutations

You are very small and have problems with some larger weapons.
You are too small for most types of armour.
You have supernaturally acute eyesight. (SInv)
You cover ground extremely quickly. (Speed+++)


   Skills:
 - Level 2.0 Fighting
 + Level 6.2 Ranged Weapons
 - Level 7.5 Dodging
 - Level 1.5 Stealth


You had 6 spell levels left.
You didn't know any spells.
Your spell library was empty.

Inventory:

Hand Weapons
 b - a +0 orcbow (weapon)
Armour
 c - a +0 robe (worn)
Potions
 d - a potion of might
 e - a potion of curing
 f - a potion of enlightenment
 h - a potion of degeneration {unknown}
 j - a potion of ambrosia {unknown}

Dungeon Overview and Level Annotations

Branches:
Dungeon (4/15)
 Temple: D:4-7

Altars:


Message History

There is a stone staircase leading up here.
Waypoint 3 assigned to D:4.
There is a stone staircase leading up here.
A jelly comes into view.
The jelly quivers.
You shoot an arrow. The arrow hits the jelly!
The jelly is heavily wounded.
You float gracefully downwards.
You shoot an arrow. The arrow hits the jelly.
The jelly is severely wounded.
Your enlightenment fades.
You shoot an arrow.
The arrow hits the jelly but does no damage.
The jelly is severely wounded.
You shoot an arrow. The arrow hits the jelly.
The jelly is almost dead.
You shoot an arrow. The arrow hits the jelly!
You kill the jelly!
You have reached level 7!
An endoplasm and an ogre come into view.
Found a scroll labelled XYGAUC XAWNIWK.
You shoot an arrow. The arrow hits the endoplasm!
You kill the endoplasm!
The ogre shouts!
You shoot an arrow. The arrow barely misses the ogre.
The ogre hits you with a +0 giant club!!
Ouch! That really hurt!
You shoot an arrow. The arrow hits the ogre.
The ogre is lightly wounded.
You shoot an arrow. The arrow hits the ogre.
The ogre is moderately wounded.
The ogre completely misses you.
You shoot an arrow. The arrow hits the ogre!
The ogre is heavily wounded.
The ogre misses you.
You shoot an arrow. The arrow hits the ogre.
The ogre is severely wounded.
The ogre hits you with a +0 giant club!!
Ouch! That really hurt!
You die...

## .? #. #.
##O###### #..@....#
##.####.# ##+# ##
#.#
##...#########.#
##............#.#
.#.......#####...#
..........####...##
..........+.......#
..........##.....##


You could see an ogre.

Vanquished Creatures
  Grinder (D:3)
  A jelly (D:4)
  2 orc priests
  Robin (D:2)
  12 gnolls
  3 adders
  A ribbon worm (D:2)
  2 dart slugs
  3 orcs
  4 endoplasms
  8 giant cockroaches
  10 goblins
  7 hobgoblins
  5 kobolds
  A quokka (D:2)
  15 ball pythons
  2 bats
  5 rats
83 creatures vanquished.

Notes
Turn   | Place    | Note
-------+----------+-------------------------------------------
     0 | D:1      | qw the Spriggan Hunter began the quest for the Orb.
     0 | D:1      | Reached XP level 1. HP: 10/10 MP: 2/2
     0 | D:1      | 0 ||| qw: Version: 0.3-a-160-g6735b56
     0 | D:1      | 0 ||| qw: Game counter: 4608
     0 | D:1      | 0 ||| qw: Melee chars always use a shield: true
     0 | D:1      | 0 ||| qw: God list: Okawaru
     0 | D:1      | 0 ||| qw: Allow faded altars: false
     0 | D:1      | 0 ||| qw: Do Orc after clearing Dungeon:15 true
     0 | D:1      | 0 ||| qw: Do second Lair branch before Depths: true
     0 | D:1      | 0 ||| qw: Lair rune preference: random
     0 | D:1      | 0 ||| qw: Goals: Normal
     0 | D:1      | 0 ||| PLANNING D:1-11
   107 | D:1      | Reached skill level 3 in Dodging
   129 | D:1      | Found a faded altar of an unknown god.
   261 | D:1      | Reached XP level 2. HP: 14/14 MP: 3/3
   336 | D:1      | Reached skill level 4 in Dodging
   611 | D:1      | 611 ||| DROPPING scroll of butterflies.
   685 | D:2      | Reached XP level 3. HP: 18/18 MP: 4/4
   783 | D:2      | 783 ||| FLEEEEING.
   786 | D:2      | HP: 4/18 [gnoll/+0 club (4)]
   789 | D:2      | Reached XP level 4. HP: 6/22 MP: 5/5
   814 | D:2      | 814 ||| FLEEEEING.
   817 | D:2      | 817 ||| FLEEEEING.
   818 | D:2      | 818 ||| FLEEEEING.
   820 | D:2      | 820 ||| FLEEEEING.
   829 | D:2      | 829 ||| FLEEEEING.
   830 | D:2      | 830 ||| FLEEEEING.
   831 | D:2      | 831 ||| FLEEEEING.
   832 | D:2      | 832 ||| FLEEEEING.
   833 | D:2      | 833 ||| FLEEEEING.
   834 | D:2      | 834 ||| FLEEEEING.
   835 | D:2      | 835 ||| FLEEEEING.
   836 | D:2      | 836 ||| FLEEEEING.
   838 | D:2      | 838 ||| FLEEEEING.
   839 | D:2      | 839 ||| FLEEEEING.
   840 | D:2      | 840 ||| FLEEEEING.
   847 | D:2      | 847 ||| FLEEEEING.
   848 | D:2      | 848 ||| FLEEEEING.
   849 | D:2      | 849 ||| FLEEEEING.
   850 | D:2      | 850 ||| FLEEEEING.
   851 | D:2      | 851 ||| FLEEEEING.
   852 | D:2      | 852 ||| FLEEEEING.
   853 | D:2      | 853 ||| FLEEEEING.
   854 | D:2      | 854 ||| FLEEEEING.
   855 | D:2      | 855 ||| FLEEEEING.
   856 | D:2      | 856 ||| FLEEEEING.
   908 | D:2      | Noticed Robin
   915 | D:2      | Killed Robin
  1026 | D:2      | Reached skill level 5 in Dodging
  1377 | D:2      | Reached XP level 5. HP: 26/26 MP: 6/6
  1498 | D:2      | 1498 ||| READING scroll labelled UMANAEMUFA.
  1499 | D:2      | 1499 ||| READING scroll labelled AHIEFAI VATWAN.
  1500 | D:2      | 1500 ||| READING scroll labelled FANUET DURPHIZ.
  1505 | D:2      | 1505 ||| READING scroll labelled OWNEDO ENGO.
  1506 | D:2      | 1506 ||| DRINKING 2 black potions.
  1547 | D:3      | 1547 ||| STAIRDANCE
  1570 | D:3      | 1570 ||| STAIRDANCE
  1603 | D:3      | Reached skill level 6 in Ranged Weapons
  1707 | D:3      | Reached XP level 6. HP: 30/30 MP: 7/7
  1752 | D:3      | 1752 ||| SWAPPING to +0 orcbow.
  1753 | D:3      | 1753 ||| DROPPING +0 shortbow.
  1857 | D:3      | Noticed Grinder
  1867 | D:3      | Killed Grinder
  1868 | D:3      | Reached skill level 7 in Dodging
  2267 | D:3      | 2267 ||| READING 2 scrolls labelled AHEMOD YKEMO.
  2267 | D:3      | 2267 ||| IDENTIFYING amethyst potion
  2268 | D:3      | 2268 ||| READING scroll of identify.
  2268 | D:3      | 2268 ||| IDENTIFYING sedimented clear potion
  2269 | D:3      | 2269 ||| READING scroll labelled IJO BUAWNYMNOG.
  2270 | D:3      | 2270 ||| DRINKING 2 yellow potions.
  2271 | D:3      | 2271 ||| DROPPING potion of brilliance.
  2330 | D:4      | Reached XP level 7. HP: 35/35 MP: 8/8
  2348 | D:4      | HP: 2/35 [ogre/+0 giant club (33)]
  2352 | D:4      | Demolished by an ogre

Levels and vault maps discovered:
D:1:      amcnicky_arrival_double_pillar, layout_basic,
          shapermc_ecumenical_altar_rom_forum, minmay_worlds_worst_comb
D:2:      layout_loops_ring, minmay_misc_feat_five, uniq_robin
D:3:      layout_loops_cross, fountainhead, minmay_shallow_snake_nest,
          uniq_grinder
D:4:      layout_loops_corners, nzn_overflow_gifts_of_might_and_magic,
          minmay_temple_entry_sparse_star

Skill      XL: |  1  2  3  4  5  6 |
---------------+-------------------+-----
Dodging        | 3 4 5 7 |  7.5
Ranged Weapons | 5 6 |  6.2
Fighting       | 2 |  2.0
Stealth        | |  1.5

Action                     |  1- 3 |  4- 6 |  7- 9 || total
---------------------------+-------+-------+-------++-------
   Fire: Shortbow          |    68 |   119 |       ||   187
         Orcbow            |       |    42 |     6 ||    48
    Use: Scroll            |       |     7 |       ||     7
         Potion            |       |     2 |       ||     2
 Armour: Robe              |     6 |    12 |     2 ||    20
  Dodge: Dodged            |    13 |    45 |     2 ||    60

Table legend:
 A = Non-vault XP
 B = Vault XP
 C = Vault XP percentage of total XP
 D = Non-vault monster count
 E = Vault monster count
 F = Vault count percentage of total count
                 A         B        C        D         E       F
            +---------+---------+-------+---------+---------+-------
      Total |     415 |     331 |  44.4 |      63 |      20 |  24.1
            +---------+---------+-------+---------+---------+-------
        D:1 |      25 |       6 |  19.4 |      14 |       3 |  17.6
        D:2 |     216 |      28 |  11.5 |      33 |       8 |  19.5
        D:3 |     129 |     297 |  69.7 |      14 |       9 |  39.1
        D:4 |      45 |       0 |   0.0 |       2 |       0 |   0.0
            +---------+---------+-------+---------+---------+-------
